 Dungeon Crawl Stone Soup version 0.23.2-30-g0e89c35649 (webtiles) character file.

Game seed: 9853970148890702480

175376 Mrkan the Bludgeoner (level 17, -6/84 HPs)
             Began as a Gargoyle Fighter on June 24, 2019.
             Was a High Priest of Makhleb.
             Killed by divine providence
             ... invoked by a smoke demon
              (11 damage)
             ... on level 3 of the Abyss.
             The game lasted 01:34:27 (27231 turns).

Mrkan the Bludgeoner (Gargoyle Fighter)            Turns: 27231, Time: 01:34:28

Health: -6/84      AC: 36    Str: 17 (18) XL:     17   Next: 81%
Magic:  0/20       EV:  6    Int:  7 (12) God:    Makhleb [*****.]
Gold:   2378       SH: 19    Dex: 11 (12) Spells: 16/16 levels left

rFire    + . .     SeeInvis .   i - +2 morningstar (protect)
rCold    + . .     Gourm    .   b - +0 large shield
rNeg     + + .     Faith    .   J - +2 plate armour {rF+}
rPois    ∞         Spirit   +   L - +2 hat of the Bear Spirit {Spirit, +Rage rN+ MR++}
rElec    +         Reflect  .   h - +1 cloak
rCorr    .         Harm     .   D - +2 pair of gloves
MR       +++..     Rnd*Rage +   Z - +1 pair of boots of the King of the Hill {rPois Dex+4}
Stlth    ..........             (no amulet)
HPRegen  0.00/turn              N - ring of protection from cold
MPRegen  0.17/turn              a - ring of Nid Saa {Int+3 Stlth+}

@: flying
A: big wings, horns 2, [berserk 1], [blurry vision 3], [clumsy 2], [deformed
body], [deterioration 1], [dopey 1], [frail 2], low mp 1[+2], negative energy
resistance 1, sense surroundings 1, screaming 1[+1], electricity resistance,
[inhibited regeneration], [weak 2], unbreathing, petrification resistance, no
potion heal 1, rot immunity, AC +12
}: 1/15 runes: serpentine
a: Stop Flying, Minor Destruction, Lesser Servant of Makhleb, Major Destruction,
Greater Servant of Makhleb, Renounce Religion, Evoke Berserk Rage


You were on level 3 of the Abyss.
You worshipped Makhleb.
Makhleb was extremely pleased with you.
You were not hungry.

You visited 6 branches of the dungeon, and saw 25 of its levels.
You visited the Abyss 1 time.
You also visited: Volcano.

You collected 2378 gold pieces.

Inventory:

Hand Weapons
 c - a +4 demon trident of venom
 i - a +2 morningstar of protection (weapon)
 l - a +1 whip of flaming
 u - the +1 spear "Vazoff" {speed, +Blink}
   (You found it on level 4 of the Dungeon)

   Attacks with this weapon are significantly faster.
   It lets you blink.
Armour
 b - a +0 large shield (worn)
 h - a +1 cloak (worn)
 D - a +2 pair of gloves (worn)
 J - a +2 plate armour of fire resistance (worn)
 L - the +2 hat of the Bear Spirit (worn) {Spirit, +Rage rN+ MR++}
   (You found it on level 6 of the Lair of Beasts)

   It protects you from negative energy.
   It affects your resistance to hostile enchantments.
   It lets you go berserk.
 Z - the +1 pair of boots of the King of the Hill (worn) {rPois Dex+4}
   (You found it on level 2 of the Snake Pit)

   It affects your dexterity (+4).
   It protects you from poison.
Jewellery
 a - the ring of Nid Saa (right hand) {Int+3 Stlth+}
   (You took it off a kobold on level 11 of the Dungeon)

   [ring of stealth]

   It affects your intelligence (+3).
   It makes you more stealthy.
 N - a ring of protection from cold (left hand)
 O - an uncursed ring of ice
 P - an uncursed amulet of the gourmand
 Q - an uncursed ring of fire
 U - a +4 ring of strength
Wands
 s - a wand of disintegration (17)
 v - a wand of flame (29)
 A - a wand of enslavement (10)
 E - a wand of iceblast (13)
 S - a wand of acid (7)
Scrolls
 g - 2 scrolls of fog
 k - 2 scrolls of amnesia
 m - a scroll of blinking
 p - a scroll of acquirement
 r - 4 scrolls of immolation
 w - a scroll of silence
 x - 9 scrolls of remove curse
 y - 2 scrolls of noise {unknown}
 B - 4 scrolls of enchant weapon
 C - 10 scrolls of teleportation
 H - 4 scrolls of magic mapping
 V - a scroll of enchant armour {unknown}
 X - a scroll of fear
Potions
 e - a potion of cancellation
 j - 5 potions of lignification
 n - 3 potions of mutation
 o - 5 potions of haste
 q - a potion of curing
 t - 2 potions of invisibility
 z - 6 potions of flight
 F - 2 potions of magic
 I - 3 potions of might
 K - 2 potions of agility
 M - 3 potions of brilliance
 T - a potion of resistance {unknown}
Comestibles
 f - 27 rations


   Skills:
 - Level 12.3 Fighting
 - Level 16.0 Maces & Flails
 + Level 13.8 Armour
 + Level 6.4 Dodging
 - Level 15.0 Shields
 + Level 15.8 Invocations


You had 16 spell levels left.
You didn't know any spells.
Your spell library contained the following spells:

 Spells                   Type           Power        Failure   Level  Hunger
 Animate Skeleton         Necr           N/A          100%        1    ##.....
 Apportation              Tloc           #.....       100%        1    ##.....
 Confusing Touch          Hex            #.....       100%        1    ##.....
 Corona                   Hex            #......      100%        1    ##.....
 Magic Dart               Conj           #...         100%        1    ##.....
 Shock                    Conj/Air       #...         100%        1    ##.....
 Summon Small Mammal      Summ           #...         100%        1    ##.....
 Blink                    Tloc           N/A          100%        2    ###....
 Call Imp                 Summ           #.......     100%        2    ###....
 Ensorcelled Hibernation  Hex/Ice        #.....       100%        2    ###....
 Slow                     Hex            #.......     100%        2    ###....
 Swiftness                Chrm/Air       #.......     100%        2    ###....
 Confuse                  Hex            #.......     100%        3    ####...
 Conjure Flame            Conj/Fire      #.......     100%        3    ####...
 Dazzling Spray           Conj/Hex       #.....       100%        3    ####...
 Gell's Gravitas          Tloc           #.........   100%        3    ####...
 Ignite Poison            Fire/Tmut/Pois #.......     100%        3    ####...
 Mephitic Cloud           Conj/Pois/Air  #.......     100%        3    ####...
 Static Discharge         Conj/Air       #.......     100%        3    ####...
 Tukima's Dance           Hex            #.......     100%        3    ####...
 Airstrike                Air            #.........   100%        4    #####..
 Petrify                  Tmut/Erth      #.......     100%        4    #####..
 Alistair's Intoxication  Tmut/Pois      #.......     100%        5    ######.
 Irradiate                Conj/Tmut      #.........   100%        5    ######.
 Lightning Bolt           Conj/Air       #.........   100%        5    ######.
 Metabolic Englaciation   Hex/Ice        #.........   100%        5    ######.
 Yara's Violent Unravell  Hex/Tmut       #.........   100%        5    ######.
 Sublimation of Blood     Necr           Unusable     N/A         2    N/A

Dungeon Overview and Level Annotations

Branches:
Dungeon (11/15)            Temple (1/1) D:5            Lair (6/6) D:11
 Shoals (1/4) Lair:3        Snake (4/4) Lair:3        Slime (0/5) Lair:6
    Orc (2/2) D:11            Elf (0/3) Orc:2

Altars:
Ashenzari
Cheibriados
Dithmenos
Elyvilon
Fedhas
Gozag
Hepliaklqana
Kikubaaqudgha
Makhleb
Nemelex Xobeh
Okawaru
Qazlal
Ru
Sif Muna
Trog
Uskayaw
Vehumet
Wu Jian
Xom
Yredelemnul
Zin
The Shining One
Beogh
Jiyva

Shops:
D:5 (   Orc:1 =?   Orc:2 (:(!*   Snake:3 }

Portals:
Trove: D:11 (show slimy rune of Zot)

Annotations:
D:11 exclusion: obsidian statue
Lair:4 2 transporters, Mrkan's ghost, journeyman MiFi
Snake:1 1 runed translucent door, kentos9's ghost, adept DEFE


Innate Abilities, Weirdness & Mutations

You are resistant to torment.
Your stone body is resilient. (AC +12)
You are immune to poison.
Your large and strong wings let you fly indefinitely.
You resist negative energy. (rN+)
You are resistant to electric shocks. (rElec)
You can survive without breathing.
You are immune to petrification.
You are immune to rotting.
You have a pair of horns on your head.
You passively map a small area around you.
Potions are less effective at restoring your health.
[You tend to lose your temper in combat.]
[Scrolls take you much longer to read.]
[You are very clumsy. (Dex -4)]
[Armour fits poorly on your strangely shaped body.]
[Your body sometimes deteriorates upon taking damage.]
[You are dopey. (Int -2)]
[You are very frail. (-20% HP)]
[Your magical capacity is extremely low. (-30% MP)]
[You sometimes yell uncontrollably at your foes.]
[You do not regenerate when monsters are visible.]
[You are very weak. (Str -4)]


Message History

You puncture the starspawn tentacle!
Your weapon exudes an aura of protection.
You headbutt the starspawn tentacle, but do no damage.
The starspawn tentacle is heavily damaged.
You block the tentacled starspawn's attack.
The tentacled starspawn engulfs you but does no damage.
You thump the starspawn tentacle!
You destroy the starspawn tentacle!
A tentacle flies out from the starspawn's body!
The starspawn tentacle grabs you. The starspawn tentacle constricts you.
A starspawn tentacle comes into view.
You escape the starspawn tentacle's grasp.
You block the starspawn tentacle's attack.
You see here a bone ring.
The starspawn tentacle grabs you. The starspawn tentacle constricts you.
You escape the starspawn tentacle's grasp.
A tentacle flies out from the starspawn's body!
The smoke demon gestures at you. Something smites you!
You die...

.. #.#. . .. #. #
# . #. ##. #
#.#### ## #.#..
#..#.## ..# #.. #
#@w.## #.# #...#
#..\3##..# ####3#
#..###\..# ##. .
# ##.#..#\.#
###.#. ##
###..#.\##.#
#.####
#.###.Xw###.3.#..
.. ##3..##.# .#
#.# ##.#... .###
## #...###..# #


You could see a tentacled starspawn, a smoke demon and 2 starspawn tentacles.

Vanquished Creatures
  Vashnia (Snake:3)
  Nikola (Snake:3)
  A kraken (Shoals:1)
  7 nagarajas
  Louise (Snake:3)
  A very ugly thing (Abyss:2)
  Nessos (Lair:5)
  Snorg (Orc:1)
  Fannar (Orc:1)
  A merfolk impaler (Shoals:1)
  Harold (Orc:2)
  18 naga warriors
  6 hydras
  Erica (Orc:1)
  2 centaur warriors (Orc:2)
  A two-headed ogre (D:10)
  7 anacondas
  19 naga sharpshooters
  4 death yaks
  8 shock serpents
  Sonja (Lair:4)
  Urug (Lair:1)
  A sixfirhy (Abyss:2)
  Nergalle (Orc:2)
  A wretched star (Abyss:2)
  4 salamander mystics
  A sea snake (Lair:6)
  11 naga ritualists
  Pikel (D:6)
  2 lindwurms (Volcano)
  12 mana vipers
  A harpy (Lair:6)
  An ugly thing (D:11)
  2 manticores (Shoals:1)
  A cyclops (D:11)
  A faun (Shoals:1)
  14 salamanders
  2 guardian serpents (Snake:1)
  38 black mambas
  An elephant (Lair:6)
  A merfolk siren (Lair:3)
  A toenail golem (Volcano)
  2 molten gargoyles (Volcano)
  28 naga magi
  A water nymph (Shoals:1)
  A gargoyle (D:10)
  11 spiny frogs
  7 komodo dragons
  An ice devil (Abyss:2)
  2 efreet (Volcano)
  4 rime drakes
  A demonic crawler (Abyss:2)
  7 merfolk (Shoals:1)
  2 polar bears (Lair:6)
  2 trolls
  4 hornets (Lair:6)
  21 blink frogs
  8 hippogriffs
  3 large abominations (Abyss:2)
  A wraith (Abyss:2)
  A water elemental (Shoals:1)
  A ynoxinul (Abyss:2)
  Grum (D:11)
  3 wyverns
  A basilisk (Lair:5)
  4 hogs (D:9)
  A human (D:9)
  30 yaks
  A hungry ghost (D:7)
  5 fire elementals (Volcano)
  A warg (Orc:2)
  Edmund (D:6)
  37 nagas
  13 water moccasins
  15 porcupines
  20 orc warriors
  A black bear (Lair:2)
  A slave (D:6)
  2 sky beasts (D:7)
  3 ice beasts
  9 ogres
  3 phantoms
  43 wolves
  8 centaurs
  2 necrophages
  13 crocodiles
  2 big kobolds (D:11)
  2 small abominations (Abyss:2)
  13 bullfrogs
  Blork the orc (D:6)
  A gnoll sergeant (D:8)
  A water moccasin zombie (D:6)
  3 earth elementals (Volcano)
  4 killer bees (D:7)
  A wight (D:11)
  2 electric eels (Lair:3)
  3 howler monkeys
  4 crimson imps
  A bullfrog zombie (D:10)
  A centaur zombie (D:6)
  A bullfrog skeleton (D:4)
  13 orc priests
  10 hounds
  2 jellies
  9 iguanas
  18 orc wizards
  6 worker ants
  A hound zombie (D:11)
  2 hound skeletons
  A howler monkey skeleton (D:9)
  A worker ant zombie (D:11)
  8 gnolls
  16 adders
  3 shadow imps
  13 white imps
  An ooze (D:3)
  3 adder zombies
  2 adder skeletons (D:6)
  4 worms
  3 dart slugs
  6 leopard geckos
  84 orcs
  6 bats
  6 giant cockroaches
  3 goblins
  5 hobgoblins
  5 jackals
  3 quokkas
  A ball python (D:1)
  6 frilled lizards
  11 kobolds
  2 quokka skeletons
  2 rats
  A bush (Lair:5)
  A fungus (Lair:5)
  A plant (Shoals:1)
  A starspawn tentacle (Abyss:3)
808 creatures vanquished.

Vanquished Creatures (collateral kills)
  A tentacled starspawn (Abyss:2)
  Agnes (Snake:3)
  A naga warrior (Snake:4)
  A merfolk avatar (Lair:6)
  A thrashing horror (Abyss:2)
  A naga sharpshooter (Snake:3)
  A naga ritualist (Snake:2)
  3 orc knights (Orc:2)
  2 harpies (Lair:6)
  2 guardian serpents
  2 salamanders (Snake:3)
  5 black mambas
  4 elephants (Lair:6)
  2 rime drakes (Lair:6)
  A blink frog (Lair:2)
  A hornet (Lair:6)
  A raiju (Abyss:2)
  A steam dragon (Lair:2)
  7 nagas
  16 orc warriors
  3 wolves
  6 centaurs (Orc:2)
  A crocodile (Lair:5)
  An orc priest (Orc:2)
  5 orc wizards
  7 orcs
  2 plants (Shoals:1)
  2 starspawn tentacles (Abyss:2)
  A tentacle (Shoals:1)
82 creatures vanquished.

Vanquished Creatures (others)
  An orc knight (Orc:1)
  A naga (Snake:3)
  Menkaure (D:6)
  A slave (D:6)
  A centaur (Orc:2)
  A jelly (D:6)
  A centaur skeleton (D:6)
  An orc wizard (D:6)
  3 orcs
  A fire vortex (Volcano)
  4 fungi
  2 plants
  3 starspawn tentacles
  9 tentacles (Shoals:1)
30 creatures vanquished.

Grand Total: 920 creatures vanquished

Notes
Turn   | Place    | Note
-------+----------+-------------------------------------------
     0 | D:1      | Mrkan the Gargoyle Fighter began the quest for the Orb.
     0 | D:1      | Reached XP level 1. HP: 14/14 MP: 1/1
    91 | D:1      | Reached XP level 2. HP: 17/19 MP: 2/2
   559 | D:2      | Reached XP level 3. HP: 17/24 MP: 3/3
   652 | D:2      | Reached skill level 3 in Maces & Flails
   795 | D:2      | Reached XP level 4. HP: 25/29 MP: 4/4
  1457 | D:3      | Found a glowing golden altar of the Shining One.
  1473 | D:3      | Reached XP level 5. HP: 30/33 MP: 5/5
  1635 | D:3      | Found a white marble altar of Elyvilon.
  1984 | D:4      | Reached skill level 4 in Maces & Flails
  2070 | D:4      | Noticed a phantom
  2108 | D:4      | Killed a phantom
  2108 | D:4      | Reached XP level 6. HP: 24/39 MP: 6/6
  2283 | D:4      | Found a hazy altar of Hepliaklqana.
  2342 | D:4      | Reached skill level 5 in Maces & Flails
  2406 | D:4      | Reached skill level 5 in Shields
  2412 | D:4      | Reached skill level 5 in Fighting
  2529 | D:4      | Reached XP level 7. HP: 40/44 MP: 7/7
  2732 | D:4      | Got a translucent spear
  2762 | D:4      | Identified the cursed +1 spear "Vazoff" {speed, +Blink}
                  | (You found it on level 4 of the Dungeon)
  2806 | D:5      | Entered Level 5 of the Dungeon
  2836 | D:5      | Found a staircase to the Ecumenical Temple.
  2895 | Temple   | Entered the Ecumenical Temple
  3026 | Temple   | Became a worshipper of Makhleb the Destroyer
  3112 | D:5      | Reached skill level 1 in Invocations
  3187 | D:5      | Found a deep blue altar of Sif Muna.
  3188 | D:5      | Found Mire's Weapon Emporium.
  3229 | D:5      | Found a shadowy altar of Dithmenos.
  3260 | D:5      | Reached XP level 8. HP: 42/51 MP: 7/9
  3273 | D:5      | Found an ornate altar of the Wu Jian Council.
  4274 | D:6      | Found an ancient bone altar of Kikubaaqudgha.
  4327 | D:6      | Reached * piety under Makhleb
  4565 | D:6      | Noticed Pikel
  4614 | D:6      | Killed Pikel
  4614 | D:6      | Reached skill level 5 in Armour
  4628 | D:6      | Reached XP level 9. HP: 26/57 MP: 10/12
  4802 | D:6      | Killed Menkaure
  5190 | D:6      | Noticed Blork the orc
  5208 | D:6      | Killed Blork the orc
  5272 | D:6      | Noticed Edmund
  5305 | D:6      | Killed Edmund
  5305 | D:6      | Reached skill level 5 in Invocations
  5584 | D:6      | Found an opulent altar of Gozag.
  5589 | D:6      | Found a shimmering altar of Xom.
  5595 | D:6      | Found a shattered altar of Ashenzari.
  5754 | D:7      | Found a stormy altar of Qazlal.
  5838 | D:7      | Reached ** piety under Makhleb
  6227 | D:7      | Reached XP level 10. HP: 64/64 MP: 14/14
  6303 | D:7      | Reached skill level 6 in Maces & Flails
  7056 | D:8      | Found an iron altar of Okawaru.
  7373 | D:8      | Noticed a two-headed ogre
  8775 | D:9      | Reached *** piety under Makhleb
  8946 | D:9      | Found a blossoming altar of Fedhas.
  9047 | D:9      | Reached skill level 7 in Maces & Flails
  9385 | D:9      | Reached XP level 11. HP: 68/68 MP: 16/16
  9501 | D:10     | Entered Level 10 of the Dungeon
  9762 | D:10     | Noticed a two-headed ogre
  9768 | D:10     | Killed a two-headed ogre
 10093 | D:10     | Gained mutation: You have a somewhat thin skeletal
                  | structure. (Dex +2, Stealth) [potion of mutation]
 10093 | D:10     | Gained mutation: [You are dopey. (Int -2)] [potion of
                  | mutation]
 10093 | D:10     | Gained mutation: [Your magical capacity is low. (-10% MP)]
                  | [potion of mutation]
 10093 | D:10     | Gained mutation: You are surrounded by a mild repulsion
                  | field. (EV +2) [potion of mutation]
 10094 | D:10     | Lost mutation: You are surrounded by a mild repulsion
                  | field. (EV +2) [potion of mutation]
 10094 | D:10     | Lost mutation: [You are dopey. (Int -2)] [potion of
                  | mutation]
 10094 | D:10     | Lost mutation: [Your magical capacity is low. (-10% MP)]
                  | [potion of mutation]
 10094 | D:10     | Lost mutation: You have a somewhat thin skeletal structure.
                  | (Dex +2, Stealth) [potion of mutation]
 10094 | D:10     | Gained mutation: You have a pair of small horns on your
                  | head. [potion of mutation]
 10094 | D:10     | Gained mutation: You have a pair of horns on your head.
                  | [potion of mutation]
 10094 | D:10     | Gained mutation: You passively map a small area around you.
                  | [potion of mutation]
 10119 | D:11     | Noticed an obsidian statue
 10155 | D:11     | Identified the ring of Nid Saa {Int+3 Stlth+}
 10204 | D:11     | Noticed a cyclops
 10211 | D:11     | Killed a cyclops
 10211 | D:11     | Reached skill level 10 in Shields
 10557 | D:11     | Noticed a death yak
 10562 | D:11     | Noticed a death yak
 10564 | D:11     | Noticed a death yak
 10573 | D:11     | Killed a death yak
 10573 | D:11     | Reached skill level 8 in Maces & Flails
 10583 | D:11     | Killed a death yak
 10594 | D:11     | Killed a death yak
 10635 | D:11     | Found a staircase to the Lair.
 10677 | D:11     | Found a portal to a secret trove of treasure.
 10812 | D:11     | Found a roughly hewn altar of Beogh.
 10849 | D:11     | Reached **** piety under Makhleb
 10907 | D:11     | Reached skill level 10 in Armour
 10951 | D:11     | Found a staircase to the Orcish Mines.
 11136 | D:11     | Noticed Grum
 11141 | D:11     | Killed Grum
 11142 | D:11     | Noticed a red ugly thing
 11160 | D:11     | Killed a red ugly thing
 11160 | D:11     | Reached XP level 12. HP: 73/73 MP: 19/19
 11172 | D:11     | Reached skill level 9 in Maces & Flails
 11487 | Lair:1   | Entered Level 1 of the Lair of Beasts
 11611 | Lair:1   | Noticed Urug
 11638 | Lair:1   | Killed Urug
 12002 | Lair:1   | Reached ***** piety under Makhleb
 12685 | Lair:2   | Reached skill level 10 in Invocations
 13602 | Lair:2   | Reached skill level 10 in Maces & Flails
 13725 | Lair:2   | You fall through a shaft!
 14232 | Lair:3   | Found a staircase to the Snake Pit.
 14246 | Lair:3   | Reached XP level 13. HP: 81/81 MP: 21/21
 14410 | Lair:3   | Reached skill level 10 in Fighting
 14611 | Lair:3   | You fall through a shaft for 2 floors!
 14726 | Lair:4   | Noticed Nessos
 14767 | Lair:4   | Noticed Sonja
 14809 | Lair:4   | Killed Sonja
 14964 | Lair:4   | Found a transporter.
 14968 | Lair:4   | Found a transporter.
 14968 | Lair:4   | Noticed Mrkan's ghost (journeyman MiFi)
 14991 | Lair:4   | Reached skill level 11 in Maces & Flails
 15065 | Lair:3   | Found a staircase to the Shoals.
 15954 | Lair:5   | Killed Nessos
 16158 | Lair:5   | Identified a scroll of acquirement
 16291 | Lair:5   | Reached ****** piety under Makhleb
 16311 | Lair:5   | Gained mutation: Your large and strong wings let you fly
                  | indefinitely. [Gargoyle growth]
 16311 | Lair:5   | Reached XP level 14. HP: 90/90 MP: 23/23
 16568 | Lair:6   | Entered Level 6 of the Lair of Beasts
 16568 | Lair:6   | Found a staircase to the Slime Pits.
 16568 | Lair:6   | Found a viscous altar of Jiyva.
 16737 | Lair:6   | Found a frozen archway.
 17263 | Lair:6   | Found the +2 hat of the Bear Spirit {Spirit, +Rage rN+
                  | MR++}
 17921 | Orc:1    | Entered Level 1 of the Orcish Mines
 17921 | Orc:1    | Noticed Fannar
 17943 | Orc:1    | Killed Fannar
 18020 | Orc:1    | Noticed Erica
 18027 | Orc:1    | Killed Erica
 18027 | Orc:1    | Reached skill level 12 in Maces & Flails
 18069 | Orc:2    | Entered Level 2 of the Orcish Mines
 18139 | Orc:2    | Found a staircase to the Elven Halls.
 18359 | Orc:2    | Found Ogosophu's Weapon Boutique.
 18385 | Orc:2    | Found a dark tunnel.
 18392 | Volcano  | Entered a volcano
 18891 | Orc:2    | Found Zorhiare's Antique Weapon Boutique.
 18891 | Orc:2    | Found Cimarch's Distillery.
 18893 | Orc:2    | Found Itolorad's General Store.
 18895 | Orc:2    | Found Ronwoll's Book Shop.
 19111 | Orc:1    | Noticed Nergalle
 19111 | Orc:1    | Noticed Harold
 19128 | Orc:2    | Killed Harold
 19133 | Orc:2    | Killed Nergalle
 19472 | Orc:1    | Noticed Snorg
 19495 | Orc:1    | Killed Snorg
 19528 | Orc:1    | Found Pacaf's Magic Scroll Boutique.
 19531 | Orc:1    | Found Usotenet's Jewellery Shop.
 19823 | Snake:1  | Entered Level 1 of the Snake Pit
 19903 | Snake:1  | Reached XP level 15. HP: 96/96 MP: 21/24
 20130 | Snake:1  | Reached skill level 13 in Maces & Flails
 20695 | Snake:1  | Found a runed translucent door.
 20695 | Snake:1  | Found a shimmering altar of Xom.
 20695 | Snake:1  | Noticed kentos9's ghost (adept DEFE)
 21524 | Snake:2  | Got a pair of spiked boots
 21525 | Snake:2  | Identified the +1 pair of boots of the King of the Hill
                  | {rPois Dex+4} (You found it on level 2 of the Snake Pit)
 22225 | Snake:3  | Noticed Agnes
 22240 | Snake:3  | Killed Agnes
 22240 | Snake:3  | Reached skill level 14 in Maces & Flails
 22240 | Snake:3  | Reached skill level 1 in Dodging
 22250 | Snake:3  | Noticed Louise
 22319 | Snake:3  | Reached XP level 16. HP: 77/101 MP: 17/26
 22334 | Snake:3  | Killed Louise
 22350 | Snake:3  | Noticed Nikola
 22407 | Snake:3  | Killed Nikola
 22407 | Snake:3  | Reached skill level 15 in Shields
 22673 | Snake:3  | Noticed Vashnia
 22721 | Snake:3  | Killed Vashnia
 22943 | Snake:3  | Noticed a nagaraja
 22966 | Snake:3  | Killed a nagaraja
 23572 | Snake:3  | Found Woromiz's Gadget Boutique.
 23646 | Snake:4  | Entered Level 4 of the Snake Pit
 23733 | Snake:4  | Reached skill level 15 in Maces & Flails
 24197 | Snake:4  | Noticed a nagaraja
 24201 | Snake:4  | Noticed a nagaraja
 24210 | Snake:4  | Noticed a nagaraja
 24221 | Snake:4  | Noticed a nagaraja
 24760 | Snake:4  | Killed a nagaraja
 24771 | Snake:4  | Killed a nagaraja
 24788 | Snake:4  | Killed a nagaraja
 24788 | Snake:4  | Reached skill level 15 in Invocations
 24788 | Snake:4  | Reached XP level 17. HP: 106/106 MP: 28/28
 25137 | Snake:4  | Reached skill level 5 in Dodging
 25435 | Snake:4  | Reached skill level 16 in Maces & Flails
 25725 | Snake:4  | Got a serpentine rune of Zot
 26281 | Shoals:1 | Entered Level 1 of the Shoals
 26431 | Shoals:1 | Noticed a kraken
 26476 | Shoals:1 | Killed a kraken
 26866 | Shoals:1 | Cast into level 2 of the Abyss (merfolk impaler)
 27155 | Abyss:2  | Noticed a tentacled starspawn
 27161 | Abyss:2  | Killed a tentacled starspawn
 27168 | Abyss:3  | Found a corrupted altar of Lugonu.
 27199 | Abyss:3  | HP: 1/84 [smoke demon/divine providence (6)]
 27205 | Abyss:3  | Gained mutation: Potions are less effective at restoring
                  | your health. [a neqoxec]
 27208 | Abyss:3  | Gained mutation: [Your magical capacity is extremely low.
                  | (-30% MP)] [a neqoxec]
 27216 | Abyss:3  | Found a shattered altar of Ashenzari.
 27218 | Abyss:3  | Gained mutation: [You sometimes yell uncontrollably at your
                  | foes.] [a neqoxec]
 27222 | Abyss:3  | Noticed a tentacled starspawn
 27231 | Abyss:3  | Killed from afar by a smoke demon

Skill      XL: |  1  2  3  4  5  6  7  8  9 10 11 12 13 14 15 16 17 |
---------------+----------------------------------------------------+-----
Maces & Flails | 3 4 5 7 8 10 11 12 14 15 16 | 16.0
Shields        | 4 5 7 8 9 10 12 13 14 15 | 15.0
Fighting       | 4 5 7 8 9 11 12 | 12.3
Invocations    | 1 4 5 7 9 10 12 13 14 15 | 15.8
Armour         | 4 5 7 8 10 11 12 13 | 13.8
Dodging        | 1 4 6 |  6.4

Action                   |  1- 3 |  4- 6 |  7- 9 | 10-12 | 13-15 | 16-18 || total
-------------------------+-------+-------+-------+-------+-------+-------++-------
Melee: Flail             |   141 |    17 |   134 |   471 |       |       ||   763
       Whip              |       |   168 |   285 |       |       |       ||   453
       Spear             |       |       |   287 |       |       |       ||   287
       Morningstar       |       |       |       |   654 |  1643 |  1229 ||  3526
       Headbutt          |       |       |       |   113 |   383 |   353 ||   849
Invok: Minor Destruction |       |       |       |     5 |     2 |    10 ||    17
       Lesser Servant of |       |       |       |     2 |       |       ||     2
       Greater Servant o |       |       |       |       |     9 |     5 ||    14
       Major Destruction |       |       |       |       |     2 |       ||     2
 Abil: Evoke Berserk Rag |       |       |       |       |       |     2 ||     2
       Fly               |       |       |       |       |       |     1 ||     1
Evoke: Wand              |       |       |     5 |     1 |     9 |     7 ||    22
  Use: Scroll            |       |       |     7 |    17 |    10 |     3 ||    37
       Potion            |       |       |     1 |     5 |     4 |     8 ||    18
 Stab: Distracted        |       |       |       |       |     3 |     3 ||     6
  Eat: Chunk             |       |     6 |    11 |    22 |    12 |     5 ||    56
       Ration            |       |       |     1 |     2 |     5 |     5 ||    13
Armor: Scale mail        |    73 |    79 |   189 |       |       |       ||   341
       Plate armour      |       |       |   177 |   795 |  1482 |   879 ||  3333
Dodge: Dodged            |    51 |    37 |   173 |   238 |   481 |   233 ||  1213
Block: Shield            |    87 |    85 |   317 |   739 |  1409 |     4 ||  2641
       Large shield      |       |       |       |       |       |  1590 ||  1590
